 Dungeon Crawl Stone Soup version 0.31-a0-217-g58bb5d79cf (webtiles) character file.

Game seed: 16103173110358199287

98 qw the Chopper (level 4, -1/28 HPs)
             Began as a Gargoyle Fighter on July 2, 2023.
             Slain by an orc
             ... wielding a +0 mace
              (5 damage)
             ... on level 3 of the Dungeon.
             The game lasted 00:01:12 (2096 turns).

qw the Chopper (Gargoyle Fighter)                   Turns: 2096, Time: 00:01:12

Health: -1/28      AC: 12    Str: 22    XL:     4   Next: 71%
Magic:  4/4        EV:  8    Int:  8    God:
Gold:   207        SH:  0    Dex:  9    Spells: 3/3 levels left

rFire   . . .        Y - +0 war axe
rCold   . . .        c - +0 buckler
rNeg    + . .        g - +0 chain mail
rPois   inf          (no helmet)
rElec   +            (no cloak)
rCorr   .            (no gloves)
SInv    .            (no boots)
Will    .....        (no amulet) Stlth
                     (no ring)
HPRegen 0.24/turn    (no ring)
MPRegen 0.09/turn

%: no passive effects
@: confused
A: sickness immunity, AC +3, negative energy resistance 1, electricity
resistance, torment resistance 1, petrification resistance
a: no special abilities


You were on level 3 of the Dungeon.
You visited 1 branch of the dungeon, and saw 4 of its levels.

You collected 207 gold pieces.


Innate Abilities, Weirdness & Mutations

You are immune to sickness and miasma.
Your stone body is resilient. (AC +3)
You are immune to poison.
You resist negative energy. (rN+)
You are resistant to electric shocks. (rElec)
You are resistant to unholy torment.
You are immune to petrification.


   Skills:
 - Level 3.2 Fighting
 + Level 4.3 Axes
 - Level 3.2 Armour
 - Level 3.2 Shields


You had 3 spell levels left.
You didn't know any spells.
Your spell library was empty.

Inventory:

Hand Weapons
 h - a +0 flail
 Y - a +0 war axe (weapon)
Armour
 c - a +0 buckler (worn)
 g - a +0 chain mail (worn)
Scrolls
 b - a scroll of identify {unknown}
Potions
 a - a potion of heal wounds {unknown}
 d - a potion of might
 e - a potion of mutation {unknown}
 f - a potion of curing {unknown}

Dungeon Overview and Level Annotations

Branches:
Dungeon (4/15)
 Temple: D:4-7

Altars:


Message History

The orc shouts!
You hear a shout!
Enter note:
Enter note: An orc wizard comes into view.
It is wielding a +0 hand axe.
The orc wizard mumbles some strange words.
The orc wizard flickers and vanishes!
Deactivating autopickup; reactivate with Ctrl-A.
The orc hits you but does no damage.
Enter note:
Enter note: You hit the orc but do no damage.
The orc hits you with a +0 mace.
You barely miss the orc. The orc hits you with a +0 mace.
You barely miss the orc. The orc hits you but does no damage.
The orc hits you with a +0 mace.
You hit the orc but do no damage. The orc closely misses you.
You closely miss the orc. You closely miss something.
Something hits you but does no damage. The orc barely misses you.
You hit the orc but do no damage. You barely miss something.
Something hits you but does no damage. The orc hits you but does no damage. x2
You hear some strange, mumbled words.
You are confused.
You hear some strange, mumbled words.
You are more confused.
The orc hits you but does no damage. Something hits you but does no damage.
The orc hits you but does no damage. Something hits you but does no damage.
The orc closely misses you. Something hits you but does no damage.
The orc hits you but does no damage. Something hits you but does no damage.
The orc hits you but does no damage. Something hits you but does no damage.
The orc barely misses you. Something hits you but does no damage.
The orc completely misses you. Something hits you.
The orc hits you but does no damage. Something hits you.
The orc completely misses you.
You hear some strange, mumbled words.
A magic dart appears from out of thin air!
The magic dart hits you. The orc barely misses you.
Something hits you but does no damage. The orc hits you with a +0 mace.
You die...

............####
...##....#.#...
####.).##..#.#
#)#.......#
####.#.#....##
.##..#.......##
######.
....##..####.)#
.......
.#####..#
##)###.......
.###....#
#.%.@o....>.
.....####
#####{......
.##### .......
.# ....... .#
....... .#
####### .# ##


You could see an orc.

Vanquished Creatures
  3 adders (D:2)
  A worm (D:2)
  A dart slug (D:3)
  3 orcs (D:3)
  4 endoplasms
  3 giant cockroaches
  12 goblins
  3 hobgoblins
  3 kobolds
  3 quokkas
  4 ball pythons
  6 bats
  6 frilled lizards (D:1)
  9 rats
61 creatures vanquished.

Notes
Turn   | Place    | Note
-------+----------+-------------------------------------------
     0 | D:1      | qw the Gargoyle Fighter began the quest for the Orb.
     0 | D:1      | Reached XP level 1. HP: 14/14 MP: 1/1
     0 | D:1      | 0 ||| qw: Version: 0.3-a-40-ge99b1a8
     0 | D:1      | 0 ||| qw: Game counter: 208
     0 | D:1      | 0 ||| qw: Melee chars always use a shield: true
     0 | D:1      | 0 ||| qw: God list: Okawaru
     0 | D:1      | 0 ||| qw: Allow faded altars: false
     0 | D:1      | 0 ||| qw: Do Orc after clearing Dungeon:15 true
     0 | D:1      | 0 ||| qw: Do second Lair branch before Depths: true
     0 | D:1      | 0 ||| qw: Lair rune preference: random
     0 | D:1      | 0 ||| qw: Goals: Normal, Zot:1-4, Slime:5, God:TSO, Crypt,
                  | Tomb, Abyss, Pan, Hells, Win
     0 | D:1      | 0 ||| PLANNING D:1-11
    50 | D:1      | Reached skill level 2 in Axes
    95 | D:1      | Reached XP level 2. HP: 15/19 MP: 2/2
   364 | D:1      | 364 ||| DROPPING +0 club.
   427 | D:1      | 427 ||| DROPPING +1 mace of draining.
   536 | D:1      | Reached skill level 3 in Axes
   639 | D:1      | Reached XP level 3. HP: 23/23 MP: 3/3
   803 | D:1      | 803 ||| Stepping ~*~*~tactically~*~*~ (hiding).
  1125 | D:1      | 1125 ||| READING scroll labelled KIKAER GASIJ.
  1126 | D:1      | 1126 ||| READING scroll labelled RIFROTIRRUPN.
  1127 | D:1      | 1127 ||| READING scroll labelled ADUGA AMODISIT.
  1241 | D:2      | 1241 ||| Stepping ~*~*~tactically~*~*~ (stealth).
  1339 | D:2      | You fall into a shaft and drop 2 floors!
  1340 | D:4      | 1340 ||| READING scroll labelled OGUQYA DIN QEF.
  1487 | D:2      | 1487 ||| Stepping ~*~*~tactically~*~*~ (stealth).
  1538 | D:2      | Reached XP level 4. HP: 28/28 MP: 4/4
  1555 | D:2      | 1555 ||| Stepping ~*~*~tactically~*~*~ (stealth).
  1566 | D:2      | Reached skill level 4 in Axes
  1717 | D:2      | 1717 ||| Stepping ~*~*~tactically~*~*~ (stealth).
  1718 | D:2      | 1718 ||| Stepping ~*~*~tactically~*~*~ (stealth).
  1892 | D:2      | 1892 ||| Stepping ~*~*~tactically~*~*~ (stealth).
  1894 | D:2      | 1894 ||| Stepping ~*~*~tactically~*~*~ (hiding).
  1896 | D:2      | 1896 ||| Stepping ~*~*~tactically~*~*~ (hiding).
  1897 | D:2      | 1897 ||| Stepping ~*~*~tactically~*~*~ (hiding).
  1899 | D:2      | 1899 ||| Stepping ~*~*~tactically~*~*~ (hiding).
  1900 | D:2      | 1900 ||| Stepping ~*~*~tactically~*~*~ (hiding).
  1918 | D:2      | 1918 ||| UPGRADING to +0 chain mail.
  1928 | D:2      | 1928 ||| DROPPING +0 scale mail.
  1996 | D:3      | 1996 ||| Stepping ~*~*~tactically~*~*~ (stealth).
  2019 | D:3      | 2019 ||| Stepping ~*~*~tactically~*~*~ (stealth).
  2058 | D:3      | 2058 ||| Stepping ~*~*~tactically~*~*~ (stealth).
  2094 | D:3      | HP: 7/28 [something (4)]
  2095 | D:3      | HP: 3/28 [something/magic dart (4)]
  2096 | D:3      | Slain by an orc

Levels and vault maps discovered:
D:1:      scummos_arrival_simple_fountains, layout_basic, serial_curves,
          eino_curves_01, eino_curves_01, eino_curves_01, serial_bayou_pond_c,
          chequers_decorated_corner, minmay_misc_feat_pillars
D:2:      layout_loops_ring, nicolae_elevator_lobby_plus
D:3:      layout_rooms, okawaru_metal_pillars_1_2, minmay_goblin_kobold_house
D:4:      layout_basic, hangedman_decor_lopped, st_stairs_5

Skill      XL: |  1  2  3  4 |
---------------+-------------+-----
Axes           | 2 3 4 |  4.3
Fighting       | |  3.2
Armour         | |  3.2
Shields        | |  3.2

Action                     |  1- 3 |  4- 6 || total
---------------------------+-------+-------++-------
  Melee: War axe           |   148 |    49 ||   197
    Use: Scroll            |     4 |       ||     4
 Armour: Scale mail        |    59 |    12 ||    71
         Chain mail        |       |    32 ||    32
  Dodge: Dodged            |    69 |    19 ||    88
  Block: Buckler           |    27 |     5 ||    32

Table legend:
 A = Non-vault XP
 B = Vault XP
 C = Vault XP percentage of total XP
 D = Non-vault monster count
 E = Vault monster count
 F = Vault count percentage of total count
                 A         B        C        D         E       F
            +---------+---------+-------+---------+---------+-------
      Total |     141 |       0 |   0.0 |      61 |       0 |   0.0
            +---------+---------+-------+---------+---------+-------
        D:1 |      43 |       0 |   0.0 |      29 |       0 |   0.0
        D:2 |      74 |       0 |   0.0 |      22 |       0 |   0.0
        D:3 |      24 |       0 |   0.0 |      10 |       0 |   0.0
            +---------+---------+-------+---------+---------+-------
